[Event "XXI Torredembarra Open 2019"]
[Site "Torredembarra"]
[Date "2019.07.08"]
[Round "3.6"]
[White "Stokes, Paul C"]
[Black "Gonzalez Rodriguez, Jorge A."]
[Result "0-1"]
[ECO "E01"]
[WhiteElo "1809"]
[BlackElo "2201"]
[Annotator "RC"]
[PlyCount "76"]
[EventDate "2019.07.06"]
[EventType "swiss"]
[EventCountry "ESP"]
[SourceTitle "playchess.com"]
[Source "ChessBase"]
[SourceQuality "1"]
[TimeControl "5400+30"]

1. d4 Nf6 2. c4 e6 3. g3 d5 4. Bg2 c6 5. Nf3 Nbd7 6. O-O Ne4 7. Qc2 f5 8. Ne1 Bd6 9. cxd5 exd5 10. Nc3 O-O 11. Nxe4 fxe4 12. f3 exf3 13. Nxf3 Nf6 14. Bg5 Qb6 15. Bxf6 Rxf6 16. a3 Bf5 17. Qd2 Be4 18. Ng5 Bxg2 19. Kxg2 Be7 20. Nf3 Re6 21. Rf2 Bf6 22. Raf1 Rae8 23. Ne5 Bxe5 24. dxe5 Qc7 25. Qf4 h6 26. Qf7+ Qxf7 27. Rxf7 R8e7 28. Rf8+ Kh7 29. Ra8 a6 30. Rf2 Rxe5 31. Kf1 Kg6 32. Rb8 Rf5 33. Rxf5 Kxf5 34. Kf2 Ke5 35. Rf8 Kd6 36. Rf4 Kc5 37. Ke1 a5 38. Kd2 Kb5 0-1

[Event "XXI Torredembarra Open 2019"]
[Site "Torredembarra"]
[Date "2019.07.08"]
[Round "3.7"]
[White "Mateos Rozas, Miguel Angel"]
[Black "Usov, Aleksandr E."]
[Result "1-0"]
[ECO "B15"]
[WhiteElo "2194"]
[BlackElo "1809"]
[Annotator "RC"]
[PlyCount "46"]
[EventDate "2019.07.06"]
[EventType "swiss"]
[EventCountry "ESP"]
[SourceTitle "playchess.com"]
[Source "ChessBase"]
[SourceQuality "1"]
[TimeControl "5400+30"]

1. e4 c6 2. d4 d5 3. Nc3 dxe4 4. Nxe4 Nf6 5. Nxf6+ exf6 6. c3 Bd6 7. Bd3 O-O 8. Qc2 Re8+ 9. Ne2 h5 10. O-O Qc7 11. h3 Nd7 12. Bd2 Nf8 13. Rae1 Be6 14. f4 f5 15. Bxf5 Bxf5 16. Qxf5 g6 17. Qd3 f5 18. Qf3 a5 19. Nc1 a4 20. Nd3 Qf7 21. a3 Qb3 22. Bc1 Qd5 23. Qg3 c5 1-0

[Event "XXI Torredembarra Open 2019"]
[Site "Torredembarra"]
[Date "2019.07.08"]
[Round "3.8"]
[White "Beltran Reverter, Josep M."]
[Black "Iagar, Razvan-Gabriel"]
[Result "0-1"]
[ECO "D15"]
[WhiteElo "1776"]
[BlackElo "2138"]
[Annotator "NA"]
[PlyCount "59"]
[EventDate "2019.07.06"]
[EventType "swiss"]
[EventCountry "ESP"]
[SourceTitle "playchess.com"]
[Source "ChessBase"]
[SourceQuality "1"]
[TimeControl "5400+30"]

1. d4 d5 2. c4 c6 3. Nf3 Nf6 4. Nc3 a6 5. e3 Bf5 6. Qb3 Ra7 7. Ne5 e6 8. Be2 h6 9. Bd2 Nbd7 10. cxd5 exd5 11. O-O Qb6 12. Qxb6 Nxb6 13. a3 Ra8 14. Rac1 Be7 15. Bd3 Bxd3 16. Nxd3 Nc4 17. Rfd1 O-O 18. Be1 Rfe8 19. a4 Nd7 20. e4 dxe4 21. Nxe4 Nd6 22. Nxd6 Bxd6 23. Nc5 Nxc5 24. dxc5 Bf4 25. Rc4 Bg5 26. Bc3 Rad8 27. Rxd8 Rxd8 28. h4 Be7 29. Rg4 f6 30. Rd4 0-1

[Event "XXI Torredembarra Open 2019"]
[Site "Torredembarra"]
[Date "2019.07.08"]
[Round "3.9"]
[White "Dosaiguas Bonne, Jaime Jose"]
[Black "Galimany Rovira, Xavier"]
[Result "0-1"]
[ECO "B50"]
[WhiteElo "1598"]
[BlackElo "2086"]
[Annotator "NA RC"]
[PlyCount "52"]
[EventDate "2019.07.06"]
[EventType "swiss"]
[EventCountry "ESP"]
[SourceTitle "playchess.com"]
[Source "ChessBase"]
[SourceQuality "1"]
[TimeControl "5400+30"]

1. e4 c5 2. Nf3 d6 3. Bc4 Nf6 4. d3 Nc6 5. a3 e6 6. Bg5 Be7 7. Nbd2 O-O 8. O-O Rb8 9. Re1 b5 10. Ba2 a5 11. Rc1 Bd7 12. Nf1 a4 13. d4 cxd4 14. Nxd4 b4 15. Nxc6 Bxc6 16. Nd2 bxa3 17. bxa3 Qc7 18. Re3 Rfd8 19. Qe2 d5 20. e5 Ne4 21. Bxe7 Qxe7 22. Nxe4 dxe4 23. c4 Qg5 24. Rc2 Qxe5 25. Rec3 Qd4 26. h3 Kf8 0-1

[Event "XXI Torredembarra Open 2019"]
[Site "Torredembarra"]
[Date "2019.07.09"]
[Round "4.1"]
[White "Gonzalez Rodriguez, Jorge A."]
[Black "Farran Martos, Francesc X."]
[Result "1/2-1/2"]
[ECO "A21"]
[WhiteElo "2201"]
[BlackElo "2432"]
[Annotator "NA"]
[PlyCount "103"]
[EventDate "2019.07.06"]
[EventType "swiss"]
[EventCountry "ESP"]
[SourceTitle "playchess.com"]
[Source "ChessBase"]
[SourceQuality "1"]
[TimeControl "5400+30"]

1. c4 e5 2. Nc3 Nc6 3. g3 g6 4. Bg2 Bg7 5. d3 f5 6. e3 Nf6 7. Nge2 O-O 8. O-O d6 9. a3 a5 10. Bd2 Be6 11. Nd5 e4 12. Nef4 Bf7 13. Bc3 Ne5 14. Nxf6+ Bxf6 15. dxe4 Bxc4 16. exf5 Bxf1 17. Qxf1 Qd7 18. Bxb7 Qxf5 19. Bxa8 Rxa8 20. Qg2 Rb8 21. h3 g5 22. Qd5+ Kf8 23. g4 Qd7 24. Nh5 Qe7 25. Nxf6 Qxf6 26. f4 Qf7 27. Qxf7+ Nxf7 28. Rd1 Ke7 29. Rd4 gxf4 30. exf4 Nd8 31. Bxa5 Ne6 32. Re4 d5 33. Re2 Kd6 34. Rf2 d4 35. Kg2 c5 36. f5 Nf8 37. Bd2 Kd5 38. Bh6 c4 39. Kf1 Nd7 40. f6 Nxf6 41. Rxf6 Rxb2 42. Rf5+ Ke4 43. Rf4+ Ke5 44. Rf7 c3 45. Rxh7 Ke4 46. Rc7 Rh2 47. Bg7 c2 48. Bh6 d3 49. Re7+ Kd5 50. Rd7+ Ke4 51. Re7+ Kd5 52. Rd7+ 1/2-1/2

[Event "XXI Torredembarra Open 2019"]
[Site "Torredembarra"]
[Date "2019.07.09"]
[Round "4.2"]
[White "Dardha, Daniel"]
[Black "Mateos Rozas, Miguel Angel"]
[Result "1-0"]
[ECO "B30"]
[WhiteElo "2420"]
[BlackElo "2194"]
[Annotator "NA"]
[PlyCount "75"]
[EventDate "2019.07.06"]
[EventType "swiss"]
[EventCountry "ESP"]
[SourceTitle "playchess.com"]
[Source "ChessBase"]
[SourceQuality "1"]
[TimeControl "5400+30"]

1. e4 c5 2. Nf3 Nc6 3. Bb5 e6 4. Bxc6 bxc6 5. b3 Ne7 6. Bb2 Ng6 7. h4 h5 8. e5 Be7 9. Qe2 Qa5 10. Bc3 Qc7 11. Na3 a5 12. Nc4 Ba6 13. a4 Bxc4 14. Qxc4 f6 15. Qe4 Kf7 16. O-O-O fxe5 17. Bxe5 d6 18. Bb2 Rae8 19. Rh3 Nf8 20. Ng5+ Bxg5 21. hxg5 d5 22. Qf3+ Kg8 23. Rxh5 Rxh5 24. Qxh5 Qf7 25. Qh3 Qf5 26. Qc3 d4 27. Qxa5 Qxg5 28. Bxd4 Rd8 29. Qxc5 Rd5 30. Qc4 Qxg2 31. Qxc6 Qe4 32. Bc3 Qg2 33. Qc7 Rg5 34. f4 Rd5 35. a5 Rd7 36. Qb6 Rb7 37. Rg1 Qe4 38. Qd4 1-0

[Event "XXI Torredembarra Open 2019"]
[Site "Torredembarra"]
[Date "2019.07.09"]
[Round "4.3"]
[White "Djuric, Stefan"]
[Black "Iagar, Razvan-Gabriel"]
[Result "1-0"]
[ECO "D41"]
[WhiteElo "2368"]
[BlackElo "2138"]
[Annotator "NA"]
[PlyCount "79"]
[EventDate "2019.07.06"]
[EventType "swiss"]
[EventCountry "ESP"]
[SourceTitle "playchess.com"]
[Source "ChessBase"]
[SourceQuality "1"]
[TimeControl "5400+30"]

1. c4 Nf6 2. Nc3 c6 3. e4 d5 4. exd5 cxd5 5. d4 e6 6. Nf3 Be7 7. cxd5 Nxd5 8. Bd3 Nd7 9. Nxd5 exd5 10. Qb3 Nf6 11. Bb5+ Bd7 12. Bxd7+ Qxd7 13. Ne5 Qc7 14. Qb5+ Kf8 15. O-O Qb6 16. Qd3 h6 17. a4 a5 18. Be3 g6 19. Rac1 Kg7 20. Rc2 Bd6 21. Rfc1 Rae8 22. f4 Re7 23. h3 Ne4 24. b3 Rhe8 25. Rc5 Bxc5 26. dxc5 Qe6 27. Bd4 f6 28. Ng4 h5 29. Ne3 Rd8 30. f5 gxf5 31. Rf1 Ng3 32. Nxf5+ Nxf5 33. Rxf5 Rf7 34. Qg3+ Kf8 35. Qg6 Ke7 36. Rf3 Qe1+ 37. Kh2 Kf8 38. Qh6+ Kg8 39. Bxf6 Rxf6 40. Qxf6 1-0

[Event "XXI Torredembarra Open 2019"]
[Site "Torredembarra"]
[Date "2019.07.09"]
[Round "4.4"]
[White "Galimany Rovira, Xavier"]
[Black "Pogorelov, Ruslan"]
[Result "1/2-1/2"]
[ECO "A37"]
[WhiteElo "2086"]
[BlackElo "2347"]
[Annotator "NA"]
[PlyCount "79"]
[EventDate "2019.07.06"]
[EventType "swiss"]
[EventCountry "ESP"]
[SourceTitle "playchess.com"]
[Source "ChessBase"]
[SourceQuality "1"]
[TimeControl "5400+30"]

1. c4 c5 2. g3 g6 3. Bg2 Bg7 4. Nc3 Nc6 5. d3 b6 6. Nf3 Bb7 7. O-O d6 8. a3 Qd7 9. Bd2 e6 10. Rb1 Nge7 11. b4 O-O 12. Qc1 Nd4 13. Ne1 Bxg2 14. Nxg2 Rac8 15. b5 d5 16. Bh6 dxc4 17. Bxg7 Kxg7 18. dxc4 Nef5 19. Ne1 Nd6 20. e3 Nxc4 21. Qd1 Rfd8 22. exd4 cxd4 23. Ne4 f5 24. Ng5 h6 25. Ngf3 Nxa3 26. Ne5 Qd5 27. N1d3 Nxb1 28. Nxg6 Qe4 29. Ngf4 Nc3 30. Qh5 Ne2+ 31. Nxe2 Qg4 32. Qxg4+ fxg4 33. Nef4 Rd6 34. Re1 Rc3 35. Ra1 Kf6 36. Re1 Rb3 37. Re5 Kf7 38. Kg2 Kf6 39. Rh5 Kg7 40. Re5 1/2-1/2

[Event "XXI Torredembarra Open 2019"]
[Site "Torredembarra"]
[Date "2019.07.09"]
[Round "4.5"]
[White "Valls Sole, Josep"]
[Black "Lacasa Diaz, Jose Antonio"]
[Result "0-1"]
[ECO "B22"]
[WhiteElo "1797"]
[BlackElo "2391"]
[Annotator "NA"]
[PlyCount "70"]
[EventDate "2019.07.06"]
[EventType "swiss"]
[EventCountry "ESP"]
[SourceTitle "playchess.com"]
[Source "ChessBase"]
[SourceQuality "1"]
[TimeControl "5400+30"]

1. e4 c5 2. Nf3 e6 3. c3 d5 4. exd5 Qxd5 5. Bb5+ Nc6 6. O-O Bd7 7. d4 cxd4 8. Bxc6 Bxc6 9. Qxd4 Qh5 10. Ne5 Rd8 11. Nxc6 Rxd4 12. Nxd4 Nf6 13. Bf4 Bc5 14. Nb3 Bb6 15. N1d2 O-O 16. Nc4 Qg4 17. g3 Qh3 18. Ne3 Bxe3 19. Bxe3 Ng4 20. Rfd1 Qxh2+ 21. Kf1 Nxe3+ 22. fxe3 Qxg3 23. Rd2 Qxe3 24. Re1 Qh3+ 25. Ke2 Qg4+ 26. Kf1 h5 27. Ree2 Qf5+ 28. Kg1 Qb1+ 29. Kh2 Qxa2 30. Nc5 Qc4 31. Ne4 f5 32. b3 Qc7+ 33. Nd6 Qxc3 34. Nxb7 Rb8 35. Rc2 Qxc2 0-1

[Event "XXI Torredembarra Open 2019"]
[Site "Torredembarra"]
[Date "2019.07.09"]
[Round "4.6"]
[White "Ventos Navarro, Llibert"]
[Black "Sirera Bargallo, Tomas"]
[Result "0-1"]
[ECO "B23"]
[WhiteElo "2013"]
[BlackElo "2115"]
[Annotator "NA"]
[PlyCount "49"]
[EventDate "2019.07.06"]
[EventType "swiss"]
[EventCountry "ESP"]
[SourceTitle "playchess.com"]
[Source "ChessBase"]
[SourceQuality "1"]
[TimeControl "5400+30"]

1. e4 c5 2. Nc3 Nc6 3. Bb5 Nd4 4. a4 a6 5. Bd3 g6 6. Nf3 Bg7 7. Nxd4 cxd4 8. Ne2 d6 9. O-O Bd7 10. b3 e5 11. c3 Ne7 12. cxd4 exd4 13. Ba3 Bc6 14. f4 Qd7 15. Bb2 b5 16. a5 O-O 17. Kh1 f5 18. Ng3 Qb7 19. Qe2 Rae8 20. exf5 Nxf5 21. Qf2 Nh4 22. Ne4 Nxg2 23. Kxg2 Bxe4+ 24. Bxe4 Rxe4 25. Kg3 0-1

[Event "XXI Torredembarra Open 2019"]
[Site "Torredembarra"]
[Date "2019.07.09"]
[Round "4.7"]
[White "Marina De La Torre, Ivan"]
[Black "Castillo Dalmau, Arnau"]
[Result "1-0"]
[ECO "D58"]
[WhiteElo "2041"]
[BlackElo "1957"]
[Annotator "NA"]
[PlyCount "139"]
[EventDate "2019.07.06"]
[EventType "swiss"]
[EventCountry "ESP"]
[SourceTitle "playchess.com"]
[Source "ChessBase"]
[SourceQuality "1"]
[TimeControl "5400+30"]

1. d4 Nf6 2. Nf3 e6 3. Bg5 h6 4. Bh4 b6 5. e3 Bb7 6. c4 Be7 7. Nc3 d5 8. Be2 Nbd7 9. O-O O-O 10. Rc1 Rc8 11. Qa4 a6 12. cxd5 exd5 13. b4 Ne4 14. Bxe7 Qxe7 15. Rc2 b5 16. Qb3 Nxc3 17. Qxc3 Nb6 18. Ne5 Nc4 19. Nd3 Rce8 20. Nc5 Bc8 21. Bf3 Bf5 22. Re2 Qd6 23. Rfe1 Bc8 24. g3 f5 25. Bg2 c6 26. f3 Rd8 27. Kf2 Qf6 28. Kg1 Qd6 29. Rd1 Rde8 30. Kf2 Qf6 31. f4 Qd6 32. Nd3 Bb7 33. Ne5 Nxe5 34. dxe5 Qe7 35. Rc2 Rc8 36. Qc5 Qxc5 37. Rxc5 Kf7 38. Ke2 Ke6 39. Kd3 Rf7 40. Kd4 Ra8 41. a4 Rc8 42. a5 Rg8 43. Rdc1 Rd7 44. Rxc6+ Bxc6 45. Rxc6+ Ke7 46. Kc5 Rgd8 47. Bh3 d4 48. exd4 Rd5+ 49. Kb6 Rxd4 50. Bxf5 Rxb4 51. Rc7+ Kf8 52. Kxa6 Rc4 53. Rxc4 bxc4 54. Kb7 Rd5 55. a6 Rb5+ 56. Kc6 Ra5 57. Kb6 Ra2 58. Be6 Rb2+ 59. Kc5 c3 60. a7 c2 61. a8=Q+ Ke7 62. Qa7+ Kxe6 63. Qa1 Rb8 64. Kd4 Rd8+ 65. Kc3 Rc8+ 66. Kd2 c1=Q+ 67. Qxc1 Rxc1 68. Kxc1 g5 69. Kd2 Kf5 70. Ke3 1-0

[Event "XXI Torredembarra Open 2019"]
[Site "Torredembarra"]
[Date "2019.07.09"]
[Round "4.8"]
[White "Rumsey, Victor B"]
[Black "Soler Lopez, Hugo"]
[Result "0-1"]
[ECO "D30"]
[WhiteElo "1828"]
[BlackElo "2072"]
[Annotator "NA"]
[PlyCount "62"]
[EventDate "2019.07.06"]
[EventType "swiss"]
[EventCountry "ESP"]
[SourceTitle "playchess.com"]
[Source "ChessBase"]
[SourceQuality "1"]
[TimeControl "5400+30"]

1. d4 d5 2. c4 e6 3. Nf3 c6 4. g3 dxc4 5. Bg2 b5 6. O-O Bb7 7. b3 cxb3 8. Qxb3 Nf6 9. a4 b4 10. a5 c5 11. Bb2 Bd5 12. Qa4+ Qd7 13. dxc5 Bxc5 14. Rc1 Qxa4 15. Rxa4 Nbd7 16. Ne5 Bd6 17. Bxd5 Nxd5 18. Nxd7 Kxd7 19. e4 Nc7 20. Bxg7 Rhb8 21. Bb2 Na6 22. Rd1 Nc5 23. Ra1 Kc6 24. f3 Nb3 25. Ra2 Bc5+ 26. Kf1 Rd8 27. Ke2 Kb5 28. Nd2 Nxa5 29. Rc1 Rxd2+ 30. Kxd2 Nb3+ 31. Kc2 Nxc1 0-1

[Event "XXI Torredembarra Open 2019"]
[Site "Torredembarra"]
[Date "2019.07.09"]
[Round "4.9"]
[White "Girona Rovira, Albert"]
[Black "Guasch Figuerola, Agusti"]
[Result "0-1"]
[ECO "A41"]
[WhiteElo "1817"]
[BlackElo "2071"]
[Annotator "NA"]
[PlyCount "96"]
[EventDate "2019.07.06"]
[EventType "swiss"]
[EventCountry "ESP"]
[SourceTitle "playchess.com"]
[Source "ChessBase"]
[SourceQuality "1"]
[TimeControl "5400+30"]

1. d4 g6 2. c4 Bg7 3. Nf3 d6 4. Nc3 Nc6 5. d5 Ne5 6. Nxe5 Bxe5 7. e4 Nf6 8. Bd3 O-O 9. O-O e6 10. f4 Bd4+ 11. Kh1 exd5 12. cxd5 Ng4 13. Qe1 Re8 14. Qg3 f5 15. h3 Nh6 16. Qg5 Kg7 17. Qxd8 Rxd8 18. Re1 Re8 19. Nb5 Bb6 20. e5 a6 21. Na3 Ba5 22. Re2 b5 23. Nc2 Bb7 24. b4 Bb6 25. Bb2 Kf8 26. exd6 cxd6 27. Re6 Rxe6 28. dxe6 Ng8 29. a4 bxa4 30. Rxa4 Ke7 31. Nd4 Nf6 32. b5 axb5 33. Rxa8 Bxa8 34. Nxb5 Nd5 35. Bc1 Ne3 36. Bxe3 Bxe3 37. Nc3 Bxf4 38. Bc4 Bg5 39. Kg1 Kf6 40. Kf2 Ke5 41. Nb5 d5 42. Bb3 Bc6 43. Na7 Be8 44. Nc8 Kxe6 45. Nb6 Bc6 46. Nc8 Be7 47. Ke2 Bc5 48. Kd3 Kd7 0-1

[Event "XXI Torredembarra Open 2019"]
[Site "Torredembarra"]
[Date "2019.07.10"]
[Round "5.1"]
[White "Djuric, Stefan"]
[Black "Dardha, Daniel"]
[Result "1/2-1/2"]
[ECO "A31"]
[WhiteElo "2368"]
[BlackElo "2420"]
[Annotator "NA"]
[PlyCount "106"]
[EventDate "2019.07.06"]
[EventType "swiss"]
[EventCountry "ESP"]
[SourceTitle "playchess.com"]
[Source "ChessBase"]
[SourceQuality "1"]
[TimeControl "5400+30"]

1. d4 Nf6 2. c4 c5 3. Nf3 cxd4 4. Nxd4 b6 5. Nc3 Bb7 6. Bf4 d6 7. Qa4+ Nfd7 8. Bg5 Qc8 9. e3 Nc6 10. Qd1 a6 11. Rc1 e6 12. a3 Be7 13. Nf3 Nce5 14. Nxe5 Bxg5 15. Qxd6 Nxe5 16. Qxe5 Bf6 17. Qd6 Qc6 18. Qxc6+ Bxc6 19. Rg1 Ke7 20. Bd3 Rad8 21. Ke2 g5 22. b4 Be5 23. h3 Bh2 24. Rh1 Be5 25. Rhg1 Bh2 26. Rh1 Be5 27. Rhg1 Bh2 28. Rh1 Be5 29. f3 h5 30. Be4 Be8 31. Bb7 a5 32. Rhd1 Rxd1 33. Nxd1 axb4 34. axb4 Ba4 35. c5 bxc5 36. bxc5 Bb5+ 37. Kf2 Rd8 38. Nc3 Rd2+ 39. Ke1 Bxc3 40. Rxc3 Re2+ 41. Kd1 Rxg2 42. f4 Rg1+ 43. Kd2 gxf4 44. exf4 Kd7 45. Rb3 Bc6 46. Rb6 Bxb7 47. Rxb7+ Kc6 48. Rxf7 Kxc5 49. Rh7 Rg2+ 50. Ke1 Kd4 51. Rxh5 Ke3 52. Re5+ Kxf4 53. Rxe6 Rh2 1/2-1/2

[Event "XXI Torredembarra Open 2019"]
[Site "Torredembarra"]
[Date "2019.07.10"]
[Round "5.2"]
[White "Farran Martos, Francesc X."]
[Black "Galimany Rovira, Xavier"]
[Result "1-0"]
[ECO "C41"]
[WhiteElo "2432"]
[BlackElo "2086"]
[Annotator "NA"]
[PlyCount "145"]
[EventDate "2019.07.06"]
[EventType "swiss"]
[EventCountry "ESP"]
[SourceTitle "playchess.com"]
[Source "ChessBase"]
[SourceQuality "1"]
[TimeControl "5400+30"]

1. e4 d6 2. d4 Nf6 3. Nc3 e5 4. Nf3 exd4 5. Nxd4 Be7 6. Bc4 O-O 7. O-O c6 8. a4 a5 9. Bf4 Na6 10. Re1 Nc5 11. Qd2 Ne6 12. Rad1 d5 13. exd5 Nxd5 14. Nxd5 cxd5 15. Bb3 Nxf4 16. Qxf4 Bf6 17. Qf3 Ra6 18. Bxd5 Rd6 19. Nb5 Bg4 20. Bxf7+ Rxf7 21. Qxg4 Rxd1 22. Rxd1 Qe7 23. Nd6 Rf8 24. Nf5 Qc5 25. c3 Kh8 26. Nd4 Qc4 27. Qd7 Rd8 28. Qxb7 Qxa4 29. Qf3 Qc4 30. g3 a4 31. Rd2 h6 32. Qd1 a3 33. Qa1 axb2 34. Qxb2 Rc8 35. Ne2 Bxc3 36. Nxc3 Qxc3 37. Rd8+ Kh7 38. Qxc3 Rxc3 39. Kg2 Rc2 40. Rd6 Ra2 41. Re6 Rb2 42. Kf1 Ra2 43. Re2 Ra3 44. Kg2 Rb3 45. f4 Ra3 46. Rd2 Kg6 47. Re2 Rb3 48. g4 Kf6 49. Rf2 Ra3 50. Rf3 Ra1 51. Rb3 Rc1 52. h4 Rc6 53. Kf3 Ra6 54. Rd3 Rb6 55. Rd5 Rb4 56. Ke3 Rb3+ 57. Ke4 Rb6 58. g5+ hxg5 59. hxg5+ Kf7 60. f5 Rb8 61. Rd7+ Kf8 62. Ke5 Ra8 63. Ke6 Re8+ 64. Kd6 Ra8 65. Ke5 Re8+ 66. Kf4 Re1 67. Kg4 Rf1 68. Ra7 Rh1 69. Ra3 Rh2 70. g6 Rg2+ 71. Kf4 Rf2+ 72. Rf3 Rxf3+ 73. Kxf3 1-0

[Event "XXI Torredembarra Open 2019"]
[Site "Torredembarra"]
[Date "2019.07.10"]
[Round "5.3"]
[White "Lacasa Diaz, Jose Antonio"]
[Black "Gonzalez Rodriguez, Jorge A."]
[Result "1/2-1/2"]
[ECO "A30"]
[WhiteElo "2391"]
[BlackElo "2201"]
[Annotator "NA"]
[PlyCount "68"]
[EventDate "2019.07.06"]
[EventType "swiss"]
[EventCountry "ESP"]
[SourceTitle "playchess.com"]
[Source "ChessBase"]
[SourceQuality "1"]
[TimeControl "5400+30"]

1. Nf3 Nf6 2. c4 b6 3. g3 Bb7 4. Bg2 c5 5. O-O g6 6. b3 Bg7 7. Bb2 O-O 8. Nc3 d6 9. d4 cxd4 10. Qxd4 Nbd7 11. Rfd1 a6 12. Qe3 Re8 13. h3 Ne4 14. Na4 Bxb2 15. Nxb2 Nef6 16. Rd4 b5 17. Rad1 Qa5 18. a4 bxa4 19. Nxa4 Rab8 20. Qd2 Qxd2 21. Nxd2 Bxg2 22. Kxg2 Rb7 23. Ra1 Rc8 24. Nc3 Nc5 25. Nd5 Nxd5 26. cxd5 Rcb8 27. e3 Rb5 28. Kf3 R8b6 29. Ra3 Nxb3 30. Nxb3 Rxb3 31. Rxb3 Rxb3 32. Ra4 Rb6 33. h4 Kg7 34. g4 h5 1/2-1/2

[Event "XXI Torredembarra Open 2019"]
[Site "Torredembarra"]
[Date "2019.07.10"]
[Round "5.4"]
[White "Pogorelov, Ruslan"]
[Black "Marina De La Torre, Ivan"]
[Result "1-0"]
[ECO "D24"]
[WhiteElo "2347"]
[BlackElo "2041"]
[Annotator "NA"]
[PlyCount "27"]
[EventDate "2019.07.06"]
[EventType "swiss"]
[EventCountry "ESP"]
[SourceTitle "playchess.com"]
[Source "ChessBase"]
[SourceQuality "1"]
[TimeControl "5400+30"]

1. Nf3 Nf6 2. c4 e6 3. Nc3 d5 4. d4 dxc4 5. e4 c6 6. Bxc4 b5 7. Bd3 Bb7 8. O-O a6 9. Qc2 Be7 10. Bd2 Qb6 11. Rac1 c5 12. dxc5 Qxc5 13. Qb3 O-O 14. Nxb5 1-0

[Event "XXI Torredembarra Open 2019"]
[Site "Torredembarra"]
[Date "2019.07.10"]
[Round "5.5"]
[White "Sirera Bargallo, Tomas"]
[Black "Mateos Rozas, Miguel Angel"]
[Result "1-0"]
[ECO "B39"]
[WhiteElo "2115"]
[BlackElo "2194"]
[Annotator "NA"]
[PlyCount "101"]
[EventDate "2019.07.06"]
[EventType "swiss"]
[EventCountry "ESP"]
[SourceTitle "playchess.com"]
[Source "ChessBase"]
[SourceQuality "1"]
[TimeControl "5400+30"]

1. e4 c5 2. Nf3 Nc6 3. d4 cxd4 4. Nxd4 g6 5. c4 Bg7 6. Be3 Nf6 7. Nc3 Ng4 8. Qxg4 Nxd4 9. Qd1 Ne6 10. Rc1 O-O 11. Be2 d6 12. O-O Bd7 13. f3 Bc6 14. Qd2 a5 15. b3 Nc5 16. Rc2 Qb6 17. Rb1 Qc7 18. Nd5 Bxd5 19. cxd5 Rfc8 20. Bb5 h5 21. Rbc1 Kh7 22. a3 Qd8 23. b4 axb4 24. axb4 Na6 25. Rxc8 Rxc8 26. Bxa6 bxa6 27. Rc6 Qd7 28. Qc2 Rb8 29. Qc4 Qb7 30. Bb6 Bf6 31. g3 Qd7 32. Kg2 Ra8 33. Bf2 Qb7 34. Rb6 Qc8 35. Qc6 Bc3 36. Qxc8 Rxc8 37. Rc6 Rb8 38. Rxc3 Rxb4 39. Rc7 Kg7 40. Rxe7 a5 41. Rd7 Kf6 42. Rxd6+ Ke5 43. Rd7 f5 44. Re7+ Kf6 45. Re6+ Kf7 46. Rb6 Rc4 47. e5 a4 48. Rb7+ Kf8 49. Ra7 g5 50. e6 Rc2 51. d6 1-0

[Event "XXI Torredembarra Open 2019"]
[Site "Torredembarra"]
[Date "2019.07.10"]
[Round "5.6"]
[White "Iagar, Razvan-Gabriel"]
[Black "Arrieta Restrepo, Steven"]
[Result "1-0"]
[ECO "E69"]
[WhiteElo "2138"]
[BlackElo "1938"]
[Annotator "NA"]
[PlyCount "63"]
[EventDate "2019.07.06"]
[EventType "swiss"]
[EventCountry "ESP"]
[SourceTitle "playchess.com"]
[Source "ChessBase"]
[SourceQuality "1"]
[TimeControl "5400+30"]

1. d4 d6 2. Nf3 Nf6 3. g3 g6 4. Bg2 Bg7 5. O-O O-O 6. c4 c6 7. Nc3 Nbd7 8. e4 e5 9. h3 h6 10. Be3 Re8 11. Qc2 Qc7 12. Rad1 Kh7 13. Rfe1 a6 14. a4 Ng8 15. Kh2 exd4 16. Nxd4 Ne5 17. b3 h5 18. f4 Nd7 19. Nf3 Bh6 20. Qd2 Bf8 21. Ng5+ Kg7 22. Bd4+ Ngf6 23. Nf3 c5 24. Nd5 Qd8 25. Bc3 Kg8 26. Nxf6+ Nxf6 27. e5 Nh7 28. exd6 Rxe1 29. Qxe1 Bf5 30. Qe5 f6 31. Qd5+ Kh8 32. Nh4 1-0

[Event "XXI Torredembarra Open 2019"]
[Site "Torredembarra"]
[Date "2019.07.10"]
[Round "5.7"]
[White "Soler Lopez, Hugo"]
[Black "Sanz Bastos, Fernando"]
[Result "1-0"]
[ECO "C56"]
[WhiteElo "2072"]
[BlackElo "1874"]
[Annotator "NA"]
[PlyCount "63"]
[EventDate "2019.07.06"]
[EventType "swiss"]
[EventCountry "ESP"]
[SourceTitle "playchess.com"]
[Source "ChessBase"]
[SourceQuality "1"]
[TimeControl "5400+30"]

1. e4 e5 2. Nf3 Nc6 3. Bc4 Nf6 4. d4 exd4 5. O-O Bc5 6. e5 Ng4 7. Bf4 d5 8. exd6 Bxd6 9. Re1+ Be7 10. c3 O-O 11. cxd4 Bd6 12. Qd2 Qf6 13. Bg5 Qg6 14. Bd3 f5 15. Bc4+ Kh8 16. h3 Nf6 17. Bxf6 gxf6 18. a3 f4 19. Kh2 Qh5 20. Qc3 Bf5 21. Nbd2 Rae8 22. b4 Re3 23. fxe3 fxe3+ 24. Kg1 exd2 25. Nxd2 Qh4 26. Be6 Bxe6 27. Rxe6 Nxd4 28. Re4 Qg5 29. Rxd4 Be5 30. Nf3 Qg3 31. Qd2 Rg8 32. Nxe5 1-0

[Event "XXI Torredembarra Open 2019"]
[Site "Torredembarra"]
[Date "2019.07.10"]
[Round "5.8"]
[White "Guasch Guasch, Ferran"]
[Black "Guasch Figuerola, Agusti"]
[Result "0-1"]
[ECO "A07"]
[WhiteElo "1806"]
[BlackElo "2071"]
[Annotator "NA"]
[PlyCount "48"]
[EventDate "2019.07.06"]
[EventType "swiss"]
[EventCountry "ESP"]
[SourceTitle "playchess.com"]
[Source "ChessBase"]
[SourceQuality "1"]
[TimeControl "5400+30"]

1. Nf3 g6 2. g3 Bg7 3. Bg2 e5 4. d3 d5 5. O-O Ne7 6. c4 c6 7. Nbd2 O-O 8. Rb1 a5 9. Qc2 h6 10. b3 Be6 11. a3 Nd7 12. b4 axb4 13. axb4 f5 14. Bb2 g5 15. Nb3 d4 16. e3 dxe3 17. fxe3 Qb6 18. Kh1 g4 19. c5 Qxb4 20. Nxe5 Bxb3 21. Qc3 Qxc3 22. Bxc3 Bxe5 23. Bxe5 Nxe5 24. Rxb3 Ra7 0-1

[Event "XXI Torredembarra Open 2019"]
[Site "Torredembarra"]
[Date "2019.07.10"]
[Round "5.9"]
[White "Stokes, Paul C"]
[Black "Fernandez Alonso, Miguel Angel"]
[Result "1/2-1/2"]
[ECO "A50"]
[WhiteElo "1809"]
[BlackElo "2060"]
[Annotator "NA"]
[PlyCount "61"]
[EventDate "2019.07.06"]
[EventType "swiss"]
[EventCountry "ESP"]
[SourceTitle "playchess.com"]
[Source "ChessBase"]
[SourceQuality "1"]
[TimeControl "5400+30"]

1. d4 Nf6 2. c4 b6 3. f3 c5 4. d5 d6 5. Nc3 g6 6. e4 Bg7 7. Bd3 O-O 8. Nge2 e6 9. O-O exd5 10. exd5 Nbd7 11. b3 Ne5 12. Bc2 Re8 13. Qd2 Nh5 14. Bb2 f5 15. Rae1 Bd7 16. Nc1 Nf7 17. Nd1 Bxb2 18. Nxb2 Qf6 19. Nbd3 Qd4+ 20. Qf2 Qxf2+ 21. Kxf2 Kg7 22. Ne2 Kf6 23. Nc3 Rxe1 24. Rxe1 Re8 25. Rxe8 Bxe8 26. Ke3 Ne5 27. g3 Nxd3 28. Bxd3 Bd7 29. f4 Ke7 30. Be2 Nf6 31. h3 1/2-1/2